 Dungeon Crawl Stone Soup version 0.17-a0-1-g1f4be75 (console) character file.

174 ldf the Skirmisher (level 5, 44/44 HPs)
             Began as a Merfolk Summoner on Mar 9, 2015.
             Quit the game on level 1 of the Dungeon.
             The game lasted 00:16:18 (2818 turns).

ldf the Skirmisher (Merfolk Summoner)               Turns: 2818, Time: 00:16:18

Health: 44/44      AC:  4    Str:  9    XL:     5   Next: 54%
Magic:  9/9        EV: 13    Int: 17    God:
Gold:   97         SH:  0    Dex: 15    Spells: 2 memorised, 4 levels left

rFire  . . .     SeeInvis .     l - -3 club (curse)
rCold  . . .     Clarity  .     a - +0 robe
rNeg   . . .     SustAb   .     (no shield)
rPois  .         Gourm    .     (no helmet)
rElec  .         Spirit   .     x - +0 cloak
rCorr  .         Warding  .     v - +0 pair of gloves
rMut   .         Stasis   .     (no boots)
MR     .....                    (no amulet)
Stlth  ++........               k - +3 ring of intelligence
                                e - ring of flight

@: not resistant to hostile enchantments, unstealthy
A: change form in water, swift swim
a: Evoke Flight


You were on level 1 of the Dungeon.
You were not hungry.

You visited 1 branch of the dungeon, and saw 4 of its levels.

You collected 97 gold pieces.

Inventory:

Hand weapons
 f - a +0 short sword
 l - a cursed -3 club (weapon)
 m - a +0 club
 o - a cursed -1 falchion
 q - a +0 dagger
 u - a +0 halberd
Missiles
 d - 9 stones (quivered)
 w - 9 poisoned needles
Armour
 a - a +0 robe (worn)
 i - a +0 ring mail
 n - a +0 chain mail
 v - a +0 pair of gloves (worn)
 x - a +0 cloak (worn)
Jewellery
 e - a ring of flight (left hand)
 k - a +3 ring of intelligence (right hand)
Magical devices
 j - a wand of slowing (13)
 s - a wand of flame (31)
Scrolls
 h - 4 scrolls of teleportation
 r - a scroll of recharging
 t - 3 scrolls of identify
 y - a scroll of fear
Potions
 z - a potion of curing {unknown}
Books
 b - a book of Callings

   Spells                             Type                      Level
   a - Summon Small Mammal            Summoning                    1
   b - Call Imp                       Summoning                    2
   c - Call Canine Familiar           Summoning                    3
   d - Summon Guardian Golem          Hexes/Summoning              4
   e - Summon Lightning Spire         Summoning/Air                4
   f - Summon Ice Beast               Ice/Summoning                4
Comestibles
 c - 2 bread rations
 g - a beef jerky
 p - 2 fruits
 A - 2 meat rations
 B - a slice of pizza


   Skills:
 - Level 5.1 Fighting
 + Level 2.6 Polearms
 - Level 2.6 Dodging
 - Level 2.1 Stealth
 - Level 2.0 Spellcasting
 - Level 4.0 Summonings


You had 4 spell levels left.
You knew the following spells:

 Your Spells              Type           Power        Failure   Level  Hunger
a - Summon Small Mammal   Summ           ###.         3%          1    #......
b - Call Canine Familiar  Summ           ###.....     12%         3    ###....


Dungeon Overview and Level Annotations

Branches:
Dungeon (4/15)
 Temple: D:4-7

Altars:
Makhleb
Vehumet

Annotations:
D:4 ZiggyStardust's ghost, average OgHu


Message History

You kill the bat!
No target in view!
No target in view!
HP restored.
You now have 97 gold pieces (gained 11).
You are feeling hungry.
You see here a bat corpse.
Eat which item? (? for menu, Esc to quit)
Okay, then.
Unknown command.
You butcher the bat corpse.
C - a chunk of flesh You see here a bat skeleton.
Eat a chunk of flesh? (ye/n/q/i?) This raw flesh tastes terrible.
You continue eating. x2
Done exploring.
Done exploring.
Unknown command.
Are you sure you want to abandon this character and quit the game? (Confirm with "yes".)

█.█.██████████.█ █.█ █
███.█.█████ █.█ █.█ █ .██.█.....█
█.█ █.█ █ .██.█████.█ █.█ █.█
.██.█ ██.██ █.█ █.█ █ .██.█
██...██ █.█ █████.████
.██[███.█.█.██ █.█ ██.........
.██.██.██.██.█ █.██████.█...██...
†██..........█ █@.....█..█..██..█
.█████.██.█..█ ██████.█...█....█.
...█ ██.█.█.██ ███.█....█..█..
██.█████.....██ █.....██..██..█
█........█)█.█████.█...██..██..█
██.█████.██...........█....█..█..
...█ ██.███.█████...█...█....█.
.███ ██.█.██ █.†.█..█..██..█
.██████████.██ █.....█...██...


There were no monsters in sight!

Vanquished Creatures
  An orc wizard (D:3)
  A worm (D:3)
  A giant gecko (D:4)
  An ooze (D:1)
  2 giant cockroaches
  2 hobgoblins
  2 jackals
  A ball python (D:2)
  7 bats
  A giant newt (D:2)
  2 kobolds
  5 rats
26 creatures vanquished.

Vanquished Creatures (collateral kills)
  Crazy Yiuf (D:3)
  A hound (D:3)
  Ijyb (D:2)
  2 gnolls (D:3)
  7 adders
  2 worms (D:2)
  4 giant geckos
  2 orcs (D:3)
  3 bats
  A giant cockroach (D:2)
  5 hobgoblins
  7 kobolds
  A giant newt (D:3)
  A goblin (D:3)
  3 jackals (D:3)
  A quokka (D:4)
  4 rats
46 creatures vanquished.

Vanquished Creatures (others)
  6 hounds
  2 quokkas
  A bat (D:2)
  10 rats
19 creatures vanquished.

Grand Total: 91 creatures vanquished

Notes
Turn   | Place    | Note
--------------------------------------------------------------
     0 | D:1      | ldf, the Merfolk Summoner, began the quest for the Orb.
     0 | D:1      | Reached XP level 1. HP: 13/13 MP: 3/3
   149 | D:2      | Noticed Ijyb
   155 | D:2      | Reached skill level 1 in Fighting
   170 | D:2      | Reached XP level 2. HP: 17/22 MP: 0/4
   183 | D:2      | Killed Ijyb
   420 | D:2      | Reached XP level 3. HP: 7/28 MP: 1/6
   666 | D:2      | Learned a level 3 spell: Call Canine Familiar
   822 | D:4      | Noticed ZiggyStardust's ghost (average OgHu)
   841 | D:3      | Found a radiant altar of Vehumet.
  1179 | D:3      | Reached XP level 4. HP: 12/37 MP: 5/7
  1199 | D:3      | Found a burning altar of Makhleb.
  1591 | D:3      | Reached XP level 5. HP: 6/43 MP: 1/9
  1688 | D:3      | Reached skill level 5 in Fighting
  1880 | D:3      | Noticed Crazy Yiuf
  1903 | D:3      | Killed Crazy Yiuf
  1903 | D:3      | Reached skill level 1 in Polearms
  2818 | D:1      | Quit the game

Action                   |  1- 3 |  4- 6 || total
-------------------------+-------+-------++-------
Melee: Unarmed           |    10 |       ||    10
       Club              |    88 |   149 ||   237
Throw: Stone             |     5 |       ||     5
 Cast: Summon Small Mamm |    42 |    19 ||    61
       Call Canine Famil |     2 |    15 ||    17
  Use: Scroll            |     5 |     2 ||     7
       Potion            |     1 |     1 ||     2
 Stab: Distracted        |     1 |     1 ||     2
       Sleeping          |       |     3 ||     3
  Eat: Chunk             |     2 |    10 ||    12
